 Dungeon Crawl Stone Soup version 0.25-a0-696-g42a9e46d90 (webtiles) character file.

Game seed: 16299989946196171009, levelgen mode: deterministic

200 Brecoman the Magician (level 5, 0/29 HPs)
             Began as a Deep Elf Fire Elementalist on Mar 31, 2020.
             Was an Initiate of Fedhas.
             Slain by a wight
             ... wielding a +0 dire flail
              (10 damage)
             ... on level 3 of the Dungeon.
             The game lasted 00:14:23 (3167 turns).

Brecoman the Magician (Deep Elf Fire Elementalist)  Turns: 3167, Time: 00:14:24

Health: 0/29       AC:  3    Str:  5    XL:     5   Next: 48%
Magic:  10/13      EV: 12    Int: 21    God:    Fedhas [......]
Gold:   65         SH:  0    Dex: 15    Spells: 9/13 levels left

rFire    . . .     SeeInvis .   q - +3 great sword
rCold    . . .     Gourm    .   (shield currently unavailable)
rNeg     . . .     Faith    .   a - +0 robe
rPois    .         Spirit   .   j - +0 helmet
rElec    .         Reflect  .   (no cloak)
rCorr    .         Harm     .   (no gloves)
MR       .....                  (no boots)
Stlth    ++........             (no amulet)
HPRegen  0.09/turn              (no ring)
MPRegen  0.13/turn              (no ring)

@: drained
A: no striking features
a: Renounce Religion


You were on level 3 of the Dungeon.
You worshipped Fedhas.
Fedhas was noncommittal.
You were very hungry.

You visited 1 branch of the dungeon, and saw 3 of its levels.

You collected 65 gold pieces.

Inventory:

Hand Weapons
 e - a +0 club
 f - a +0 dagger
 q - a +3 great sword (weapon)
Missiles
 b - 15 stones (quivered)
 k - a throwing net
Armour
 a - a +0 robe (worn)
 j - a +0 helmet (worn)
Scrolls
 d - 4 scrolls of identify {unknown}
 l - a scroll of noise {unknown}
 n - a scroll of remove curse {unknown}
 o - a scroll of random uselessness {unknown}
Potions
 g - 2 potions of ambrosia {unknown}
 h - a potion of might {unknown}
 i - a potion of curing {unknown}
 m - a potion of magic {unknown}
 p - a potion of flight {unknown}
Comestibles
 c - 6 rations


   Skills:
 - Level 1.4(0.7) Fighting
 - Level 2.4(1.7) Dodging
 + Level 3.8(3.0) Stealth
 + Level 4.5(3.7) Spellcasting
 + Level 2.8(2.1) Conjurations
 + Level 4.3(3.6) Fire Magic


You had 9 spell levels left.
You knew the following spells:

 Your Spells              Type           Power        Failure   Level  Hunger
a - Foxfire               Conj/Fire      ###.         3%          1    None
b - Conjure Flame         Conj/Fire      ###.....     12%         3    ###....

Your spell library contained the following spells:

 Spells                   Type           Power        Failure   Level  Hunger
 Inner Flame              Hex/Fire       ##......     19%         3    ###....
 Sticky Flame             Conj/Fire      ###.....     36%         4    ####...
 Fireball                 Conj/Fire      ###.......   71%         5    ######.


Dungeon Overview and Level Annotations

Branches:
Dungeon (3/15)

Altars:
Fedhas


Message History

You climb downwards.
The wight hits you with a +0 dire flail.
There is a stone staircase leading up, spattered with blood here.
The wight misses you.
You riposte.
You hit the wight but do no damage.
Casting: Foxfire (safe; 3% risk of failure)
Confirm with . or Enter, or press ? or * to list all spells.
The fire begins to smolder!
You are feeling very hungry.
The wight barely misses you.
The wight smothers the flame.
Casting: Conjure Flame (safe; 10% risk of failure)
Confirm with . or Enter, or press ? or * to list all spells.
The fire begins to smolder!
The wight hits you with a +0 dire flail!
You feel drained.
* * * LOW HITPOINT WARNING * * *
The wight smothers the flame.
The wight hits you with a +0 dire flail!
You die...
Fedhas appreciates your contribution to the ecosystem.

#.# #.# ..# #.# #.#
z.# #.# ##)## ... #.#
####...########.# #.#
#......(........# #.#
#.##...########## #.#
#.###.## #.# #.# #.#
#.# #@# #.##########
#.####z###.#.....gg.#
#..........#.######.#
######.#####g# #.#
#.# #.# #.# #.# #.#
#g# #.# #.# #)### #.#
#.# #...g #.#####.#
#####


You could see a wight.

Vanquished Creatures
  A wight (D:2)
  Terence (D:2)
  4 adders
  4 gnolls (D:3)
  A shadow imp (D:2)
  3 dart slugs
  A worm (D:2)
  2 leopard geckos
  3 giant cockroaches (D:2)
  3 goblins
  5 hobgoblins
  A ball python (D:1)
  7 bats
  3 frilled lizards
  4 kobolds
  9 rats (D:1)
52 creatures vanquished.

Vanquished Creatures (others)
  135 foxfires
135 creatures vanquished.

Grand Total: 187 creatures vanquished

Notes
Turn   | Place    | Note
-------+----------+-------------------------------------------
     0 | D:1      | Brecoman the Deep Elf Fire Elementalist began the quest for
                  | the Orb.
     0 | D:1      | Reached XP level 1. HP: 10/10 MP: 6/6
   369 | D:1      | Reached XP level 2. HP: 13/16 MP: 2/8
  1344 | D:2      | Reached XP level 3. HP: 20/20 MP: 5/10
  1476 | D:2      | Reached skill level 1 in Fighting
  1659 | D:2      | Reached XP level 4. HP: 21/25 MP: 5/11
  1817 | D:2      | Noticed Terence
  1833 | D:2      | Killed Terence
  2026 | D:2      | Found a blossoming altar of Fedhas,
  2034 | D:2      | Became a worshipper of Fedhas Madash
  2415 | D:3      | Learned a level 3 spell: Conjure Flame
  2428 | D:3      | Reached XP level 5. HP: 29/29 MP: 5/13
  2430 | D:3      | HP: 1/29 [gnoll/+0 halberd (11)]
  3167 | D:3      | Slain by a wight

Levels and vault maps discovered:
D:1:      erik_arrival_triangle_medium, layout_basic, roderic_lattice_a
D:2:      layout_loops_ring, first_ration, fedhas_altar_4, uniq_terence
D:3:      layout_loops_ring, chequers_temple_overflow_statue_of_worship,
          minmay_pentomino_pile, uniq_robin

Skill      XL: |  1  2  3  4 |
---------------+-------------+-----
Fighting       | 1 |  1.4
Conjurations   | 2 |  2.8
Stealth        | 3 |  3.8
Fire Magic     | 4 |  4.3
Spellcasting   | 4 |  4.5
Dodging        | |  2.4

Action                   |  1- 3 |  4- 6 || total
-------------------------+-------+-------++-------
Melee: Club              |     8 |       ||     8
       Unarmed           |     5 |       ||     5
       Dagger            |     4 |    12 ||    16
 Cast: Foxfire           |    66 |    38 ||   104
       Conjure Flame     |       |     7 ||     7
 Stab: Sleeping          |       |     4 ||     4
  Eat: Chunk             |     2 |     4 ||     6
Armor: Robe              |    13 |     4 ||    17
Dodge: Dodged            |    33 |    14 ||    47
       Rpst.: Great sword |       |     1 ||     1

Table legend:
 A = Non-vault XP
 B = Vault XP
 C = Vault XP percentage of total XP
 D = Non-vault monster count
 E = Vault monster count
 F = Vault count percentage of total count
                 A         B        C        D         E       F
            +---------+---------+-------+---------+---------+-------
      Total |     254 |      32 |  11.2 |      51 |       1 |   1.9
            +---------+---------+-------+---------+---------+-------
        D:1 |      29 |       0 |   0.0 |      20 |       0 |   0.0
        D:2 |     151 |      32 |  17.5 |      24 |       1 |   4.0
        D:3 |      74 |       0 |   0.0 |       7 |       0 |   0.0
            +---------+---------+-------+---------+---------+-------
